 Dungeon Crawl Stone Soup version 0.23.2-40-g277498a (webtiles) character file.

Game seed: 9914399844647701183

587 CrazyJ the Caller (level 7, -3/57 HPs)
             Began as a Purple Draconian Summoner on Sept 15, 2019.
             Slain by a gnoll sergeant
             ... wielding a +0 trident of venom
              (9 damage)
             ... on level 5 of the Dungeon.
             The game lasted 00:28:39 (5583 turns).

CrazyJ the Caller (Purple Draconian Summoner)       Turns: 5583, Time: 00:28:40

Health: -3/57      AC:  7    Str: 11    XL:     7   Next: 15%
Magic:  3/13       EV: 13    Int: 17    God:
Gold:   151        SH:  0    Dex: 11    Spells: 5/14 levels left

rFire    . . .     SeeInvis .   z - +0 blowgun
rCold    . . .     Gourm    .   (no shield)
rNeg     . . .     Faith    .   (armour unavailable)
rPois    +         Spirit   .   (helmet restricted)
rElec    .         Reflect  .   y - +0 cloak
rCorr    .         Harm     .   (no gloves)
MR       +....                  (no boots)
Stlth    ++........             (no amulet)
HPRegen  0.19/turn              E - ring of poison resistance
MPRegen  0.13/turn              (no ring)

@: no status effects
A: breathe power, unfitting armour, cold-blooded, AC +6
a: Breathe Dispelling Energy


You were on level 5 of the Dungeon.
You were not hungry.

You visited 1 branch of the dungeon, and saw 5 of its levels.

You collected 151 gold pieces.

Inventory:

Hand Weapons
 k - a +0 spear
 x - a +2 quarterstaff of chaos
 z - a +0 blowgun (weapon)
 B - a +1 dagger of venom
 C - a +0 trident
 D - a +0 halberd
Missiles
 d - 3 javelins
 j - 57 sling bullets
 q - 54 stones
 A - 51 poisoned needles (quivered)
Armour
 y - a +0 cloak (worn)
 G - a +0 buckler
Jewellery
 E - a ring of poison resistance (left hand)
Wands
 u - a wand of iceblast (8)
Scrolls
 c - a scroll of immolation {unknown}
 g - 2 scrolls of identify
 l - 4 scrolls of enchant weapon {unknown}
 m - a scroll of amnesia {unknown}
 n - a scroll of enchant armour {unknown}
 p - 2 scrolls of teleportation {unknown}
 s - 4 scrolls of remove curse {unknown}
 v - 3 scrolls of random uselessness {unknown}
Potions
 e - a potion of magic {unknown}
 f - 2 potions of mutation {unknown}
 h - 2 potions of resistance {unknown}
 i - 2 potions of degeneration {unknown}
 o - 2 potions of heal wounds {unknown}
 r - 2 potions of agility {unknown}
 t - a potion of flight {unknown}
 w - a potion of brilliance {unknown}
Comestibles
 b - 4 rations
 F - 5 chunks of flesh


   Skills:
 + Level 3.0 Fighting
   Level 0.1 Maces & Flails
 + Level 2.4 Polearms
 + Level 3.1 Dodging
 - Level 2.0 Stealth
 + Level 0.5 Shields
 - Level 0.3 Unarmed Combat
 + Level 4.0 Spellcasting
 + Level 1.7 Hexes
 * Level 5.8 Summonings


You had 5 spell levels left.
You knew the following spells:

 Your Spells              Type           Power        Failure   Level  Hunger
a - Summon Small Mammal   Summ           ###.         1%          1    None
b - Call Imp              Summ           ###.....     2%          2    ##.....
c - Call Canine Familiar  Summ           ###.....     4%          3    ###....
d - Summon Guardian Gole  Hex/Summ       ###.....     10%         3    ###....

Your spell library contained the following spells:

 Spells                   Type           Power        Failure   Level  Hunger
 Summon Ice Beast         Ice/Summ       ##......     43%         4    ####...
 Summon Lightning Spire   Summ/Air       ##......     43%         4    ####...


Dungeon Overview and Level Annotations

Branches:
Dungeon (5/15)
 Temple: D:4-7

Altars:
Gozag
Makhleb
Qazlal
Ru
Zin


Innate Abilities, Weirdness & Mutations

You can breathe bolts of dispelling energy.
Your rich purple scales are hard. (AC +6)
You cannot fit into any form of body armour.
You are cold-blooded and may be slowed by cold attacks.


Message History

You feel better.
Your hound closely misses the gnoll sergeant.
The gnoll sergeant hits you from afar with a +0 trident of venom!
* * * LOW HITPOINT WARNING * * *
Your crimson imp completely misses the gnoll sergeant.
Your hound closely misses the gnoll sergeant. x2
Your crimson imp hits the gnoll sergeant.
Your crimson imp hits the gnoll sergeant but does no damage.
Your hound closely misses the gnoll sergeant.
Okay, then.
Okay, then.
Your hound pauses to sniff the ground.
Your hound bites the gnoll sergeant but does no damage.
Your hound barely misses the gnoll sergeant.
Your crimson imp blinks!
Your crimson imp barely misses the gnoll sergeant.
The gnoll sergeant is too close now for your liking.
Your hound closely misses the gnoll sergeant.
The gnoll sergeant hits you from afar with a +0 trident of venom!
You die...

#.#.##.#.####..##.#########....
#.#.##.#...##.(##.(......)(....
#.#.##.###.##..##....)#####.(..
#.#..#......#..##...((# #..(.
#.##.########..##.....# #....
#..............##.....# #...c
######.#########)##.....# #....
..## #.# #.##.....# ##### ...#
#.# #@##.....# # ..)# #.#
#.##.....# # ...# #.#
#g##h....# # ...# #.#
#h#g5....####### ...###.#
#5#....#.......## #...<#.#
#...............# ######.#
###....#........# .......#
#....#........# ########
#....#........#


You could see a gnoll sergeant, a friendly hound and a friendly crimson imp.

Vanquished Creatures
  A scorpion (D:5)
  3 orc priests (D:3)
  Crazy Yiuf (D:2)
  2 orc wizards
  A worker ant (D:5)
  2 gnolls (D:4)
  3 adders
  2 dart slugs
  2 leopard geckos
  3 orcs (D:3)
  2 giant cockroaches (D:1)
  A goblin (D:3)
  4 hobgoblins
  4 kobolds
  5 bats
  2 frilled lizards
  4 rats
42 creatures vanquished.

Vanquished Creatures (collateral kills)
  An ogre (D:5)
  A centaur (D:5)
  A bullfrog (D:3)
  A jelly (D:3)
  A hound (D:3)
  An orc wizard (D:4)
  Natasha (twice) (D:2)
  2 worker ants (D:4)
  Robin (D:3)
  An adder (D:3)
  5 gnolls
  A shadow imp (D:5)
  An ooze (D:2)
  2 worms
  8 orcs
  A giant cockroach (D:4)
  5 hobgoblins
  5 jackals
  2 quokkas
  A bat (D:3)
  A goblin (D:3)
  3 kobolds
  A rat (D:3)
48 creatures vanquished.

Grand Total: 90 creatures vanquished

Notes
Turn   | Place    | Note
-------+----------+-------------------------------------------
     0 | D:1      | CrazyJ the Draconian Summoner began the quest for the Orb.
     0 | D:1      | Reached XP level 1. HP: 14/14 MP: 3/3
   387 | D:1      | Reached XP level 2. HP: 12/20 MP: 5/5
   392 | D:1      | Learned a level 2 spell: Call Imp
  2012 | D:2      | Noticed Natasha
  2022 | D:2      | Noticed a crimson imp
  2031 | D:2      | Killed Natasha
  2031 | D:2      | Reached skill level 1 in Fighting
  2031 | D:2      | Reached XP level 3. HP: 10/28 MP: 2/6
  2355 | D:2      | Noticed Natasha
  2366 | D:2      | Killed Natasha
  2408 | D:2      | Found a runed translucent door.
  2409 | D:2      | Noticed Crazy Yiuf
  2437 | D:2      | Killed Crazy Yiuf
  2437 | D:2      | Reached XP level 4. HP: 21/35 MP: 1/7
  2623 | D:3      | Learned a level 3 spell: Call Canine Familiar
  2678 | D:3      | Reached skill level 1 in Polearms
  2680 | D:3      | Noticed Robin
  2695 | D:3      | Killed Robin
  2717 | D:3      | Found a burning altar of Makhleb.
  2985 | D:3      | Reached XP level 5. HP: 24/41 MP: 0/8
  3011 | D:3      | Reached skill level 5 in Summonings
  3098 | D:3      | Learned a level 3 spell: Summon Guardian Golem
  3418 | D:3      | Found a sacrificial altar of Ru.
  3435 | D:3      | Reached XP level 6. HP: 37/50 MP: 0/10
  4383 | D:4      | Reached skill level 1 in Hexes
  4795 | D:4      | Found a stormy altar of Qazlal.
  4797 | D:4      | Found a glowing silver altar of Zin.
  4799 | D:4      | Found an opulent altar of Gozag.
  4943 | D:5      | Entered Level 5 of the Dungeon
  5528 | D:5      | Your scales start taking on a rich purple colour.
  5528 | D:5      | Reached XP level 7. HP: 25/56 MP: 1/12
  5583 | D:5      | Slain by a gnoll sergeant

Skill      XL: |  1  2  3  4  5  6  7 |
---------------+----------------------+-----
Stealth        | 2 |  2.0
Dodging        | 2 3 |  3.1
Fighting       | 1 2 3 |  3.0
Polearms       | 1 2 |  2.4
Summonings     | 5 |  5.8
Spellcasting   | 3 4 |  4.0
Hexes          | 1 |  1.7
Maces & Flails | |  0.1
Shields        | |  0.5
Unarmed Combat | |  0.3

Action                   |  1- 3 |  4- 6 |  7- 9 || total
-------------------------+-------+-------+-------++-------
Melee: Club              |    51 |       |       ||    51
       Unarmed           |    13 |       |       ||    13
       Tailslap          |     4 |     4 |       ||     8
       Spear             |    41 |    38 |       ||    79
       Trident           |       |    84 |     1 ||    85
 Fire: Blowgun           |       |       |     4 ||     4
 Cast: Summon Small Mamm |     4 |     3 |       ||     7
       Call Imp          |     9 |    18 |     1 ||    28
       Call Canine Famil |       |    22 |     1 ||    23
 Abil: Breathe Dispellin |       |       |     1 ||     1
  Use: Potion            |       |     1 |     1 ||     2
       Scroll            |       |     1 |       ||     1
 Stab: Sleeping          |     1 |       |       ||     1
       Distracted        |       |     1 |       ||     1
  Eat: Chunk             |     5 |    14 |       ||    19
Armor: Skin              |    39 |    23 |     1 ||    63
Dodge: Dodged            |    81 |    66 |     6 ||   153
